 Dungeon Crawl Stone Soup version 0.28.0 (webtiles) character file.

Game seed: 1130512359704433192

99 mopl the Cutter (level 4, -10/34 HPs)
             Began as a Demonspawn Gladiator on Feb 16, 2022.
             Mangled by a quicksilver ooze (21 damage)
             ... created by the all-consuming vengeance of Jiyva
             ... on level 3 of the Dungeon.
             The game lasted 00:03:34 (2728 turns).

mopl the Cutter (Demonspawn Gladiator)              Turns: 2728, Time: 00:03:35

Health: -10/34     AC:  3    Str: 15      XL:     4   Next: 45%
Magic:  0/3        EV: 12    Int:  9      God:
Gold:   60         SH:  0    Dex: 13 (14) Spells: 3/3 levels left

rFire   . . .      SeeInvis .   a - +0 rapier
rCold   . . .      Faith    .   (no shield)
rNeg    . . .      Spirit   +   i - +0 ring mail
rPois   .          Reflect  .   c - +0 helmet
rElec   .          Harm     .   (no cloak)
rCorr   .          Rampage  .   (no gloves)
Will    .....                   (no boots)
Stlth   +.........              j - amulet of guardian spirit
HPRegen 0.11/turn               (no ring)
MPRegen 0.08/turn               (no ring)

@: unable to read
A: sturdy frame 1, weakness stinger 2, deformed body, deterioration 1, low MP 1,
screaming 2, weak 1, inability to read while threatened
a: no special abilities


You were on level 3 of the Dungeon.
You visited 1 branch of the dungeon, and saw 3 of its levels.

You collected 60 gold pieces.

Inventory:

Hand Weapons
 a - a +0 rapier (weapon)
Missiles
 d - 4 throwing nets (quivered)
Armour
 c - a +0 helmet (worn)
 i - a +0 ring mail (worn)
Jewellery
 b - a ring of see invisible
 j - an amulet of guardian spirit (around neck)
Scrolls
 f - a scroll of teleportation {unknown}
 k - a scroll of enchant weapon {unknown}
 m - a scroll of identify {unknown}
 n - a scroll of blinking
Potions
 e - a potion of lignification {unknown}
 g - a potion of mutation {unknown}
 h - a potion of flight {unknown}
 l - a potion of heal wounds {unknown}
 o - a potion of curing {unknown}


   Skills:
 + Level 2.8 Fighting
 + Level 3.2 Short Blades
 + Level 2.4 Throwing
 + Level 1.4 Armour
 + Level 3.2 Dodging


You had 3 spell levels left.
You didn't know any spells.
Your spell library contained the following spells:

 Spells                   Type           Power      Damage    Failure   Level
 Ensorcelled Hibernation  Hex/Ice        0%         N/A       65%         2
 Passwall                 Tmut/Erth      0%         N/A       65%         2
 Swiftness                Air            0%         N/A       86%         3


Dungeon Overview and Level Annotations

Branches:
Dungeon (3/15)

Altars:
Jiyva


Innate Abilities, Weirdness & Mutations

Your movements are slightly less encumbered by armour. (ER -2)
You have a tail ending in a sharp stinger.
Armour fits poorly on your strangely shaped body.
Your body sometimes deteriorates upon taking damage.
Your magical capacity is low. (-10% MP)
You frequently scream uncontrollably at your foes.
You are weak. (Str -2)
You sometimes lose the ability to read scrolls when taking damage.


Message History

You feel sick.
You now have 60 gold pieces (gained 5).
You feel sick.
You start resting.
You feel sick. x5
Magic restored.
You feel sick.
You are no longer poisoned.
You start resting.
HP restored.
A kobold comes into view. It is wielding a +0 short sword.
The kobold throws a stone.
The stone hits you but does no damage.
A kobold is nearby!
The kobold completely misses you.
Some slimes ooze up out of the ground!
A quicksilver ooze, a slime creature and a glowing orange brain come into view.
You barely miss the slime creature.
The kobold hits you with a +0 short sword.
You hit the slime creature. You tail-slap the slime creature.
The slime creature is lightly wounded.
The kobold completely misses you.
The slime creature completely misses you.
Unknown command.
Blink to where?
Press: ? - help, Dir - move target
As you read the scroll labelled TOTENATOOKK, it crumbles to dust.
It was a scroll of blinking.
Saving game... please wait.
Welcome back, mopl the Demonspawn Gladiator.
Press ? for a list of commands and other information.
The kobold throws a stone.
The stone barely misses you.
The kobold throws a stone.
The stone closely misses you.
The quicksilver ooze closely misses you.
The quicksilver ooze hits you.
You feel your power leaking away. The quicksilver ooze hits you.
You feel threatened and lose the ability to read scrolls!
The quicksilver ooze engulfs you! The quicksilver ooze hits you!
You slip free of the ooze engulfing you.
You gasp with relief as air once again reaches your lungs.
The quicksilver ooze hits you!!
Ouch! That really hurt!
You die...

#.##.##.#.......#
#.
#.G....(.รท...# .
####...#####.# #
##..## #.# #...#
#.#
##..####.######
#............#
##.####J####.#
#.# #.@....# #.#
#####..# #.# #..#
#.# #..###### #.#
#..<)...# #.
#>#####.# #.# #.#
..#


You could see a quicksilver ooze.

Vanquished Creatures
  4 gnolls
  2 adders
  A worm (D:2)
  2 bats
  2 endoplasms
  2 giant cockroaches
  5 goblins
  4 hobgoblins
  3 jackals (D:1)
  A quokka (D:2)
  2 ball pythons
  A frilled lizard (D:1)
  6 kobolds
  4 rats (D:2)
39 creatures vanquished.

Vanquished Creatures (others)
  5 plants (D:2)
5 creatures vanquished.

Grand Total: 44 creatures vanquished

Notes
Turn   | Place    | Note
-------+----------+-------------------------------------------
     0 | D:1      | mopl the Demonspawn Gladiator began the quest for the Orb.
     0 | D:1      | Reached XP level 1. HP: 16/16 MP: 1/1
   208 | D:1      | Gained mutation: Your movements are slightly less
                  | encumbered by armour. (ER -2) [demonic ancestry]
   208 | D:1      | Reached XP level 2. HP: 18/22 MP: 2/2
   302 | D:1      | Reached skill level 2 in Throwing
   698 | D:1      | Found a faded altar of an unknown god.
   707 | D:1      | Prayed at the altar of an unknown god.
   707 | D:1      | Became a worshipper of Jiyva Jurug the Shapeless
   707 | D:1      | Reached * piety under Jiyva
   708 | D:1      | Fell from the grace of Jiyva
  1011 | D:2      | Gained mutation: You have a small tail. [demonic ancestry]
  1011 | D:2      | Reached XP level 3. HP: 28/28 MP: 3/3
  1015 | D:2      | Reached skill level 3 in Short Blades
  1015 | D:2      | Reached skill level 1 in Armour
  1015 | D:2      | Reached skill level 3 in Dodging
  1156 | D:1      | Gained mutation: You sometimes lose the ability to read
                  | scrolls when taking damage. [the all-consuming vengeance of
                  | Jiyva]
  1317 | D:1      | Gained mutation: Armour fits poorly on your strangely
                  | shaped body. [mutagenic glow]
  1345 | D:1      | Gained mutation: Your magical capacity is low. (-10% MP)
                  | [mutagenic glow]
  1366 | D:1      | Gained mutation: You occasionally shout uncontrollably at
                  | your foes. [mutagenic glow]
  1628 | D:1      | Gained mutation: You have a tail ending in a sharp stinger.
                  | [demonic ancestry]
  1628 | D:1      | Reached XP level 4. HP: 19/34 MP: 3/3
  2056 | D:2      | Gained mutation: You are weak. (Str -2) [mutagenic glow]
  2075 | D:2      | Gained mutation: Your body sometimes deteriorates upon
                  | taking damage. [mutagenic glow]
  2216 | D:2      | Gained mutation: You are dopey. (Int -2) [mutagenic glow]
  2230 | D:2      | Gained mutation: You frequently scream uncontrollably at
                  | your foes. [mutagenic glow]
  2247 | D:2      | Lost mutation: You are dopey. (Int -2) [mutagenic glow]
  2333 | D:2      | Noticed an azure jelly
  2333 | D:2      | Noticed a rockslime
  2714 | D:3      | Noticed a quicksilver ooze
  2714 | D:3      | Noticed a slime creature
  2714 | D:3      | Noticed a glowing orange brain
  2728 | D:3      | Mangled by a quicksilver ooze

Illustrated notes

Levels and vault maps discovered:
D:1:      shiori_shiawase, layout_basic,
          dreamdust_ecumenical_altar_hidden_monk_grotto
D:2:      layout_loops_ring, grunt_decor_junction,
          chequers_serial_rivers_large_a, nicolae_grassy_gnolls
D:3:      layout_loops_ring

Skill      XL: |  1  2  3 |
---------------+----------+-----
Throwing       | 2 |  2.4
Short Blades   | 3 |  3.2
Armour         | 1 |  1.4
Dodging        | 3 |  3.2
Fighting       | |  2.8

Action                   |  1- 3 |  4- 6 || total
-------------------------+-------+-------++-------
Melee: Rapier            |    78 |    40 ||   118
       Tailslap          |     2 |     1 ||     3
       Punch             |     2 |     1 ||     3
Invok: Renounce Religion |     1 |       ||     1
  Use: Scroll            |       |     1 ||     1
Armor: Leather armour    |     9 |       ||     9
       Ring mail         |    19 |     7 ||    26
Dodge: Dodged            |    53 |    24 ||    77
